 Dungeon Crawl Stone Soup version 0.20-a0-51-g027d3fc (webtiles) character file.

31495 KristoblXynda the Destroyer (level 13, -13/103 HPs)
             Began as a Pale Draconian Conjurer on Nov 15, 2016.
             Was a High Priest of Vehumet.
             Killed from afar by an efreet (24 damage)
             ... with a fireball
             ... on level 12 of the Dungeon.
             The game lasted 01:04:25 (18685 turns).

KristoblXynda the Destroyer (DrCj)                 Turns: 18685, Time: 01:04:26

Health: -13/103    AC: 16    Str: 10    XL:     13   Next: 26%
Magic:  3/38       EV: 14    Int: 19    God:    Vehumet [*****.]
Gold:   460        SH:  0    Dex: 14    Spells: 7 memorised, 13 levels left

rFire  . . .     SeeInvis +     f - +6 dagger of Royalism {pierce, rElec rC+}
rCold  + + .     Gourm    .     (armour unavailable)
rNeg   . . .     Faith    .     (no shield)
rPois  +         Spirit   .     s - +1 hat {SInv}
rElec  +         Reflect  .     u - +1 cloak
rCorr  .         Harm     .     h - +2 pair of gloves
MR     .....                    n - +1 pair of boots
Stlth  ++........               (no amulet)
                                p - ring of poison resistance
                                i - ring of magical power

@: short of breath
A: breathe steam, unfitting armour, talons 1, cold resistance 1, robust 1, wild
magic 1, cold-blooded, AC +8
a: Breathe Steam, Renounce Religion


You were on level 12 of the Dungeon.
You worshipped Vehumet.
Vehumet was extremely pleased with you.
You were not hungry.

You visited 3 branches of the dungeon, and saw 15 of its levels.

You collected 702 gold pieces.
You spent 242 gold pieces at shops.

Inventory:

Hand Weapons
 f - the +6 dagger of Royalism (weapon) {pierce, rElec rC+}
   (You found it on level 4 of the Dungeon)

   It inflicts extra damage upon your enemies.
   It protects you from cold.
   It insulates you from electricity.
 D - a +3 spear of flaming
Armour
 h - a +2 pair of gloves (worn)
 n - a +1 pair of boots (worn)
 s - a +1 hat of see invisible (worn)
 u - a +1 cloak (worn)
 x - a +0 shield
Jewellery
 a - an uncursed ring of positive energy
 i - a ring of magical power (left hand)
 p - a ring of poison resistance (right hand)
 y - an uncursed ring of flight
Wands
 c - a wand of confusion (22/48)
 l - a wand of digging (11/24)
 o - a wand of disintegration (8/24)
 v - a wand of lightning (0/15)
 C - a wand of paralysis (1/24)
Scrolls
 k - 7 scrolls of remove curse
 w - 2 scrolls of immolation
 A - a scroll of holy word
 B - a scroll of magic mapping
Potions
 q - 3 potions of cancellation
 r - 2 potions of flight
 E - a potion of agility
 F - 3 potions of lignification
Books
 d - a book of Maledictions

   Spells                             Type                      Level
   a - Corona                         Hexes                        1
   b - Ensorcelled Hibernation        Hexes/Ice                    2
   c - Confuse                        Hexes                        3
   d - Tukima's Dance                 Hexes                        3
   e - Dazzling Spray                 Conjuration/Hexes            3
 t - a book of Necromancy

   Spells                             Type                      Level
   a - Pain                           Necromancy                   1
   b - Animate Skeleton               Necromancy                   1
   c - Vampiric Draining              Necromancy                   3
   d - Regeneration                   Charms/Necromancy            3
   e - Animate Dead                   Necromancy                   4
   f - Control Undead                 Necromancy                   4
Comestibles
 b - 12 bread rations
 g - a meat ration


   Skills:
 - Level 3.0 Fighting
 - Level 5.4 Short Blades
 - Level 1.1 Polearms
 - Level 4.1 Dodging
 - Level 3.2 Stealth
 + Level 12.1 Spellcasting
 + Level 13.5 Conjurations
 - Level 3.4 Hexes
 - Level 3.0 Charms
 + Level 1.9 Necromancy
 - Level 5.3 Fire Magic
 - Level 4.0 Earth Magic
 - Level 6.0 Evocations


You had 13 spell levels left.
You knew the following spells:

 Your Spells              Type           Power        Failure   Level  Hunger
a - Magic Dart            Conj           ####         1%          1    None
b - Dazzling Spray        Conj/Hex       ######       1%          3    None
c - Iskenderun's Mystic   Conj           ######..     1%          4    #......
d - Stone Arrow           Conj/Erth      ######       1%          3    None
e - Fulminant Prism       Conj/Hex       ######....   1%          4    #......
f - Bolt of Magma         Conj/Fire/Erth ######....   4%          5    ####...
g - Regeneration          Chrm/Necr      ####......   14%         3    None


Dungeon Overview and Level Annotations

Branches:
Dungeon (13/15)            Temple (1/1) D:5            Lair (1/6) D:11
    Orc (0/2) D:11
 Vaults: D:13-14

Altars:
Ashenzari
Cheibriados
Dithmenos
Elyvilon
Fedhas
Gozag
Hepliaklqana
Kikubaaqudgha
Makhleb
Nemelex Xobeh
Okawaru
Qazlal
Ru
Sif Muna
Trog
Uskayaw
Vehumet
Xom
Yredelemnul
Zin
The Shining One

Shops:
D:4 %   D:5 [   D:10 !

Annotations:
D:7 4 runed doors
D:13 Nessos
Lair:1 Sonja


Innate Abilities, Weirdness & Mutations

You can breathe blasts of scalding, opaque steam.
Your pale cyan-grey scales are hard. (AC +8)
You cannot fit into any form of body armour.
You are cold-blooded and may be slowed by cold attacks.
You have sharp toenails.
Your flesh is cold resistant. (rC+)
You are robust. (+10% HP)
Your spells are a little harder to cast, but a little more powerful.


Message History

You don't have enough magic to cast that spell.
Casting: Iskenderun's Mystic Blast
Confirm with . or Enter, or press ? or * to list all spells.
You don't have enough magic to cast that spell.
Unknown command.
You feel better.
Press: ? - help, Shift-Dir - straight line, f/p - efreet
Aim: an efreet, wielding a scimitar of flaming (heavily wounded)
You exhale a blast of scalding steam.
The ball of steam hits the efreet.
The efreet resists.
The efreet is heavily wounded.
You feel slightly more hungry.
The efreet hits you with a scimitar of flaming!!
* * * LOW HITPOINT WARNING * * *
The efreet burns you!
* * * LOW HITPOINT WARNING * * *
Okay, then.
The efreet gestures at you.
The fireball explodes!
The fireball engulfs you!
You die...

.#####.#.########
##....###.##.. .........#
#####.#.....##.#
.#######[#
######.)............# .#
#.####......###.########.#
## #.#......<......#
#...... #.#.##.#######..#
#.###.. #.........# #..#
#.# #.. ###.##†##.# #..#
#.# #.. #[##>##@# #..# #.#
#.. #[##.##.# #.§# #.###..
#.##.##R####>.####.##...
#[##.##..§.........##.#.
#.##.#######...######.#.
#.##[# #.#.....##.#.
#†##)# #...###.....#
#.##.# ##### #....##
#.##)# #.#.##


You could see an efreet.

Vanquished Creatures
  Gastronok (Lair:1)
  A frost giant (D:13)
  4 hydras
  A centaur warrior (D:12)
  A tengu warrior (D:10)
  The ghost of namnharef the Chopper, a novice DsBe of Trog (D:9)
  An unseen horror (D:11)
  2 hill giants
  2 orc knights (D:13)
  2 deep elf magi
  An ugly thing (D:12)
  A manticore (D:12)
  2 centaur zombies
  5 spiny frogs (Lair:1)
  A black mamba (Lair:1)
  A komodo dragon (Lair:1)
  A rime drake (Lair:1)
  A troll (D:11)
  Grinder (D:6)
  12 slime creatures
  Prince Ribbit (Lair:1)
  2 two-headed ogres
  9 blink frogs (Lair:1)
  6 hippogriffs
  A wraith (D:11)
  24 yaks
  A shadow (D:12)
  Grum (Lair:1)
  2 hungry ghosts
  A vampire mosquito (D:12)
  A mottled dragon (D:10)
  2 water moccasins (Lair:1)
  A porcupine (Lair:1)
  10 orc warriors
  3 ice beasts
  3 sky beasts
  2 black bears
  2 phantoms
  5 centaurs
  4 ogres
  5 wolves
  2 crocodiles
  2 big kobolds
  12 bullfrogs
  A gnoll sergeant (D:12)
  3 scorpions
  6 killer bees
  7 wights
  5 howler monkeys
  2 electric eels (D:13)
  5 crimson imps
  A quasit (D:12)
  5 hounds
  5 jellies
  7 orc priests
  2 centaur skeletons (D:9)
  An iguana (D:11)
  17 orc wizards
  4 bullfrog skeletons
  6 worker ants
  A hound zombie (D:6)
  A hound skeleton (D:9)
  2 worker ant zombies
  14 adders
  8 gnolls
  2 shadow imps
  An ooze (D:5)
  2 worms (D:2)
  A dart slug (D:1)
  5 leopard geckos
  57 orcs
  A ball python (D:5)
  8 bats
  4 giant cockroaches
  6 goblins
  6 hobgoblins
  6 jackals
  6 quokkas
  7 frilled lizards
  14 kobolds
  A quokka skeleton (D:4)
  A quokka zombie (D:5)
  16 rats
  8 fulminant prisms
  2 fungi
  A plant (D:11)
402 creatures vanquished.

Vanquished Creatures (others)
  24 fulminant prisms
  A fungus (Lair:1)
  A plant (D:13)
26 creatures vanquished.

Grand Total: 428 creatures vanquished

Notes
Turn   | Place    | Note
-------+----------+-------------------------------------------
     0 | D:1      | KristoblXynda the Draconian Conjurer began the quest for the Orb.
     0 | D:1      | Reached XP level 1. HP: 14/14 MP: 3/3
   169 | D:1      | Reached XP level 2. HP: 11/20 MP: 5/5
  1017 | D:1      | Noticed a howler monkey
  1134 | D:1      | Killed a howler monkey
  1134 | D:1      | Reached XP level 3. HP: 6/26 MP: 0/7
  1275 | D:1      | Reached XP level 4. HP: 19/33 MP: 4/8
  1766 | D:2      | Learned a level 3 spell: Dazzling Spray
  2305 | D:3      | Reached XP level 5. HP: 38/38 MP: 6/10
  2635 | D:3      | Reached skill level 5 in Conjurations
  3359 | D:4      | Reached skill level 1 in Hexes
  3469 | D:4      | Found Zoud's Food Shop.
  3478 | D:4      | Reached XP level 6. HP: 38/45 MP: 11/11
  3565 | D:4      | Reached skill level 1 in Polearms
  3681 | D:4      | Got a crude dagger
  3682 | D:4      | Identified the +6 dagger of Royalism {pierce, rElec rC+} (You found it on level 4 of the Dungeon)
  3823 | D:4      | Reached skill level 1 in Fighting
  4366 | D:5      | Entered Level 5 of the Dungeon
  4436 | D:5      | Noticed a sky beast
  4455 | D:5      | Killed a sky beast
  4455 | D:5      | Your scales start taking on a pale cyan-grey colour.
  4455 | D:5      | Reached XP level 7. HP: 53/55 MP: 13/13
  4609 | D:5      | Found Ytemn's Armour Boutique.
  4738 | D:5      | Reached skill level 6 in Conjurations
  4828 | D:5      | Bought a +0 pair of boots for 58 gold pieces
  4828 | D:5      | Bought a +0 cloak for 58 gold pieces
  4902 | D:5      | Found a staircase to the Ecumenical Temple.
  4950 | Temple   | Entered the Ecumenical Temple
  5028 | Temple   | Became a worshipper of Vehumet
  5168 | D:5      | Reached skill level 5 in Spellcasting
  5428 | D:6      | Reached skill level 1 in Evocations
  5519 | D:6      | Noticed Grinder
  5525 | D:6      | Killed Grinder
  5525 | D:6      | Reached XP level 8. HP: 63/63 MP: 16/16
  5608 | D:6      | Noticed a hippogriff
  5696 | D:6      | Reached skill level 7 in Conjurations
  5697 | D:6      | HP: 1/63 [orc warrior/hand axe (11)]
  6282 | D:6      | Reached skill level 1 in Short Blades
  6290 | D:6      | Killed a hippogriff
  6341 | D:6      | Reached XP level 9. HP: 62/69 MP: 7/19
  6466 | D:6      | Found a white marble altar of Elyvilon.
  6600 | D:7      | Reached skill level 8 in Conjurations
  6608 | D:7      | Reached * piety under Vehumet
  6608 | D:7      | Offered knowledge of Sandblast by Vehumet.
  7059 | D:7      | Found a huge runed gate.
  7059 | D:7      | Found a huge runed gate.
  7059 | D:7      | Found a huge runed gate.
  7059 | D:7      | Found a huge runed gate.
  7059 | D:7      | Noticed a death yak
  7059 | D:7      | Noticed a polar bear
  7059 | D:7      | Noticed a polar bear
  7059 | D:7      | Noticed a death yak
  7060 | D:7      | Noticed a polar bear
  7060 | D:7      | Noticed a polar bear
  7848 | D:8      | Learned a level 4 spell: Iskenderun's Mystic Blast
  8905 | D:9      | Reached skill level 9 in Conjurations
  9013 | D:9      | Reached ** piety under Vehumet
  9013 | D:9      | Offered knowledge of Sting by Vehumet.
  9122 | D:9      | Noticed namnharef's ghost (novice DsBe)
  9144 | D:9      | Reached XP level 10. HP: 50/77 MP: 5/22
  9145 | D:9      | Killed namnharef's ghost
  9672 | D:9      | Reached skill level 5 in Evocations
 10131 | D:10     | Entered Level 10 of the Dungeon
 10221 | D:10     | Noticed a tengu warrior
 10252 | D:10     | Killed a tengu warrior
 10363 | D:10     | Reached skill level 10 in Conjurations
 10792 | D:10     | Found Liuj's Distillery.
 10816 | D:10     | Bought a potion of mutation for 30 gold pieces
 10816 | D:10     | Bought a potion of ambrosia for 96 gold pieces
 11112 | D:10     | Offered knowledge of Stone Arrow by Vehumet.
 11118 | D:10     | Learned a level 3 spell: Stone Arrow
 11903 | D:11     | Reached *** piety under Vehumet
 11917 | D:11     | Reached XP level 11. HP: 71/82 MP: 22/24
 12285 | D:11     | Reached skill level 1 in Earth Magic
 12461 | D:11     | Found a staircase to the Lair.
 12486 | Lair:1   | Entered Level 1 of the Lair of Beasts
 12486 | Lair:1   | Noticed Grum
 12495 | Lair:1   | Offered knowledge of Inner Flame by Vehumet.
 12507 | Lair:1   | Killed Grum
 12686 | Lair:1   | Reached skill level 11 in Conjurations
 12772 | Lair:1   | Noticed a five-headed hydra
 12796 | Lair:1   | Killed a five-headed hydra
 12860 | Lair:1   | Noticed Gastronok
 12871 | Lair:1   | Noticed Prince Ribbit
 12921 | Lair:1   | Reached skill level 10 in Spellcasting
 12922 | Lair:1   | Killed Prince Ribbit
 13213 | Lair:1   | Killed Gastronok
 13315 | Lair:1   | Learned a level 4 spell: Fulminant Prism
 13762 | Lair:1   | Reached **** piety under Vehumet
 13802 | Lair:1   | Reached skill level 5 in Short Blades
 13802 | Lair:1   | Reached skill level 12 in Conjurations
 13802 | Lair:1   | Reached XP level 12. HP: 84/89 MP: 21/26
 13806 | Lair:1   | Noticed a six-headed hydra
 13838 | Lair:1   | Killed a six-headed hydra
 14194 | Lair:1   | Noticed Sonja
 14345 | D:11     | Offered knowledge of Bolt of Magma by Vehumet.
 14619 | D:11     | Learned a level 5 spell: Bolt of Magma
 14692 | D:11     | Reached skill level 1 in Fire Magic
 14875 | D:11     | Found a staircase to the Orcish Mines.
 15655 | D:12     | Reached ***** piety under Vehumet
 15663 | D:12     | Offered knowledge of Spellforged Servitor by Vehumet.
 15670 | D:12     | Noticed a six-headed hydra
 15695 | D:12     | Killed a six-headed hydra
 15794 | D:12     | Reached skill level 5 in Fire Magic
 15798 | D:12     | Noticed a four-headed hydra
 15830 | D:12     | Gained mutation: You are robust. (+10% HP) [mutagenic meat]
 15854 | D:12     | Killed a four-headed hydra
 15854 | D:12     | Reached skill level 13 in Conjurations
 15984 | D:12     | Gained mutation: You have sharp toenails. [potion of mutation]
 15984 | D:12     | Gained mutation: Your spells are a little harder to cast, but a little more powerful. [potion of mutation]
 15984 | D:12     | Gained mutation: Your flesh is cold resistant. (rC+) [potion of mutation]
 16129 | D:12     | Learned a level 3 spell: Regeneration
 16136 | D:12     | Noticed a centaur warrior
 16306 | D:12     | Reached skill level 1 in Charms
 16420 | D:12     | Killed a centaur warrior
 16721 | D:12     | Reached XP level 13. HP: 92/103 MP: 19/28
 17049 | D:13     | Noticed Nessos
 18116 | D:13     | Noticed a frost giant
 18127 | D:13     | Killed a frost giant
 18127 | D:13     | Reached skill level 1 in Necromancy
 18685 | D:12     | Killed from afar by an efreet

Vault maps used:
D:1:      dpeg_arrival_shelter
D:2:      first_bread
D:3:      kennysheep_boxes
D:4:      kennysheep_windowed_goal
D:5:      serial_shops, shop_fountains, kennysheep_donut
D:6:      basic_altar, st_stairs_2, minivault_11, uniq_grinder
D:7:      lemuel_bear_cage
D:10:     serial_shops, kennysheep_little_box, grunt_tengu_nest
D:11:     grunt_lair_entry_orc_guard_hut, hiddenorc2_lemuel
D:13:     minmay_cut_squares, serial_column_ruins, column_ruins_hut,
          column_ruins_open_tiny, column_ruins_open_tiny,
          column_ruins_open_large, column_ruins_open_tiny_water,
          column_ruins_corridor_straight, serial_bayou_lake_a, uniq_nessos,
          uniq_rupert
Temple:   compressed_dpeg_triangle_lava_temple
Lair:1:   uniq_grum, uniq_gastronok, uniq_sonja, uniq_prince_ribbit2

Skill      XL: |  1  2  3  4  5  6  7  8  9 10 11 12 13 |
---------------+----------------------------------------+-----
Dodging        | 2 3 4 |  4.1
Spellcasting   | 3 4 5 6 8 9 10 11 12 | 12.1
Conjurations   | 5 6 7 9 10 12 13 | 13.5
Hexes          | 1 3 |  3.4
Polearms       | 1 |  1.1
Fighting       | 2 3 |  3.0
Evocations     | 2 4 6 |  6.0
Short Blades   | 2 3 5 |  5.4
Stealth        | 3 |  3.2
Earth Magic    | 4 |  4.0
Fire Magic     | 5 |  5.3
Charms         | 2 3 |  3.0
Necromancy     | 1 |  1.9

Action                   |  1- 3 |  4- 6 |  7- 9 | 10-12 | 13-15 || total
-------------------------+-------+-------+-------+-------+-------++-------
Melee: Club              |    50 |    13 |       |       |       ||    63
       Unarmed           |     5 |       |       |       |       ||     5
       Tailslap          |     4 |     1 |    12 |    40 |     4 ||    61
       Trident           |       |    10 |       |       |       ||    10
       Dagger            |       |    15 |   156 |   320 |    59 ||   550
 Cast: Magic Dart        |    40 |   155 |   197 |    36 |    15 ||   443
       Dazzling Spray    |       |       |    29 |   132 |    65 ||   226
       Iskenderun's Myst |       |       |    19 |    76 |    11 ||   106
       Stone Arrow       |       |       |       |    42 |       ||    42
       Fulminant Prism   |       |       |       |    29 |     3 ||    32
       Bolt of Magma     |       |       |       |     1 |     7 ||     8
 Abil: Breathe Steam     |       |       |    12 |    45 |    11 ||    68
Evoke: Wand              |       |       |     3 |    24 |       ||    27
  Use: Potion            |     2 |       |     2 |    11 |     4 ||    19
       Scroll            |       |    17 |     6 |    11 |     4 ||    38
 Stab: Sleeping          |     1 |     1 |     1 |     2 |       ||     5
       Invisible         |       |       |     5 |     9 |     4 ||    18
  Eat: Chunk             |     1 |     6 |    10 |    18 |       ||    35
       Bread ration      |       |     1 |       |       |       ||     1
       Meat ration       |       |       |     2 |     1 |     2 ||     5
       Pizza             |       |       |     1 |     2 |       ||     3
       Fruit             |       |       |       |    10 |       ||    10
Armor: Skin              |    22 |    24 |    80 |   191 |    19 ||   336
Dodge: Dodged            |    52 |    37 |   196 |   332 |    62 ||   679
